Map: Récif abyssal EC

Players

SirEndipity - Winner!

  • Race: Protoss Protoss
  • Spawn Location: 5:00

zidar

  • Race: Zerg Zerg
  • League: Gold
  • Spawn Location: 11:00

VOD

Have the link to the VOD?

Description

Time

  • Played on: June 26, 2017, 7:08 a.m.
  • Length: 12:34
Show
View Real Time Build Order
Export as new Build Order

SirEndipity Protoss - Winner!

Build Orders:  

Get SALT Encoding   

  12  0:01  Probe (Chrono Boost)  
  13  0:11  Probe (Chrono Boost)  
  14  0:17  Pylon  
  14  0:22  Probe (Chrono Boost)  
  16  0:35  Probe (Chrono Boost)  
  16  0:39  Gateway  
  16  0:44  Assimilator  
  16  0:50  Probe (Chrono Boost)  
  17  1:00  Probe (Chrono Boost)  
  19  1:11  Probe (Chrono Boost)  
  19  1:31  Cybernetics Core  
  19  1:33  Pylon  
  19  1:36  Probe (Chrono Boost)  
  20  1:41  Assimilator  
  20  1:48  Probe (Chrono Boost)  
  21  1:59  Nexus  
  21  2:07  Warp Gate (Chrono Boost)  
  21  2:09  Adept  
  23  2:17  Probe (Chrono Boost)  
  24  2:33  Gateway  
  24  2:38  Probe (Chrono Boost)  
  24  2:41  Pylon  
  24  2:44  Adept  
  27  2:49  Probe (Chrono Boost)  
  28  2:59  Probe (Chrono Boost)  
  28  3:06  Pylon  
  28  3:09  Probe (Chrono Boost)  
  28  3:11  Adept  
  31  3:17  Probe  
  32  3:20  Gateway  
  32  3:24  Mothership Core  
  34  3:30  Assimilator  
  34  3:34  Adept  
  34  3:36  Probe  
  37  3:45  Probe  
  38  3:56  Probe  
  38  3:58  Probe  
  38  4:02  Adept  
  42  4:11  Pylon  
  42  4:13  Probe  
  42  4:15  Stargate, Probe  
  44  4:20  Assimilator  
  44  4:24  Probe  
  44  4:26  Stalker  
  44  4:27  Probe, Pylon  
  44  4:29  Adept  
  44  4:30  Stalker  
  52  4:46  Probe  
  52  4:48  Probe  
  54  4:55  Robotics Facility  
  54  4:57  Probe  
  55  5:02  Phoenix  
  57  5:13  Adept x2  
  51  5:27  Pylon  
  47  5:31  Pylon  
  41  5:47  Adept x3  
  47  5:54  Pylon  
  41  6:15  Pylon  
  41  6:16  Zealot x2, Pylon  
  41  6:17  Zealot  
  42  6:36  Immortal (Chrono Boost)  
  37  6:51  Probe  
  37  6:52  Probe  
  39  6:58  Adept x3  
  45  7:01  Probe  
  45  7:04  Probe  
  45  7:05  Pylon  
  45  7:08  Pylon  
  47  7:19  Pylon  
  47  7:20  Pylon  
  47  7:21  Zealot x3  
  47  7:26  Gateway  
  47  7:27  Immortal (Chrono Boost)  
  47  7:28  Gateway  
  46  7:30  Probe  
  46  7:31  Probe  
  48  7:40  Probe  
  48  7:43  Probe  
  50  8:01  Immortal (Chrono Boost)  
  50  8:03  Probe  
  50  8:05  Probe  
  52  8:10  Zealot  
  52  8:11  Zealot x2  
  54  8:17  Probe  
  55  8:22  Void Ray (Chrono Boost)  
  55  8:33  Probe  
  51  8:35  Zealot x2  
  51  8:36  Immortal, Zealot  
  51  8:37  Mothership Core  
  51  8:57  Zealot x3  
  51  9:04  Probe  
  51  9:05  Probe  
  53  9:14  Probe  
  54  9:17  Probe, Pylon  
  55  9:25  Probe  
  55  9:26  Zealot x3  
  55  9:27  Nexus  
  55  9:29  Probe, Pylon  
  63  9:31  Pylon  
  63  9:35  Probe  
  64  9:41  Probe  
  64  9:43  Immortal  
  69  9:46  Probe  
  69  9:49  Void Ray (Chrono Boost)  
  74  9:55  Probe  
  74  9:56  Probe  
  74  9:57  Zealot  
  78  10:19  Pylon  
  78  10:20  Probe  
  78  10:22  Probe, Warp Prism (Chrono Boost)  
  82  10:31  Probe  
  82  10:34  Probe  
  84  10:41  Probe  
  84  10:49  Zealot x5  
  95  10:54  Pylon  
  95  10:56  Gateway  
  95  10:58  Pylon  
  95  11:08  Assimilator  
  95  11:11  Probe  
  95  11:12  Pylon  
  95  11:13  Probe x2  
  95  11:14  Assimilator  
  98  11:20  Pylon  
  98  11:22  Probe  
  98  11:24  Pylon  
  99  11:30  Stalker x3  
  99  11:31  Stalker x2  
  109  11:33  Void Ray  
  111  12:04  Adept x3  
  107  12:22  Adept x2  
Show
View Real Time Build Order
Export as new Build Order

zidar Zerg 

Build Orders: Hatch First 

Get SALT Encoding   

  12  0:01  Drone  
  13  0:13  Overlord  
  13  0:17  Drone  
  14  0:31  Drone x2  
  16  0:37  Drone  
  17  0:57  Hatchery  
  17  0:59  Drone  
  17  1:05  Extractor, Drone  
  17  1:27  Spawning Pool, Drone  
  17  1:28  Drone  
  18  1:35  Drone  
  19  1:41  Overlord  
  20  1:54  Drone  
  20  2:18  Drone  
  20  2:20  Queen  
  20  2:21  Queen  
  25  2:23  Metabolic Boost  
  25  2:26  Zergling x6  
  28  2:30  Zergling x2  
  29  2:44  Drone  
  29  2:45  Roach Warren  
  28  3:05  Drone x5  
  33  3:11  Extractor  
  32  3:16  Zergling x2  
  33  3:36  Roach  
  33  3:39  Overlord x2  
  33  3:40  Overlord  
  35  4:05  Roach x8  
  51  4:18  Lair  
  51  4:23  Zergling x6  
  40  5:26  Roach x6, Zergling x2  
  40  5:27  Zergling x2  
  50  5:47  Zergling x4  
  52  5:57  Overlord  
  52  5:58  Overlord x2  
  52  5:59  Overlord  
  42  6:44  Roach x6  
  54  6:52  Ravager  
  53  6:54  Ravager  
  53  6:58  Ravager  
  56  7:01  Ravager x2  
  56  7:02  Ravager  
  52  7:30  Roach  
  52  7:31  Roach x5  
  34  9:03  Zergling x12  
  34  9:18  Hydralisk Den  
  34  9:19  Drone  
  34  9:30  Zergling x6  
  37  9:42  Drone x7  
  44  9:58  Roach x3  
  50  10:01  Hatchery  
  49  10:07  Muscular Augments  
  49  10:08  Hydralisk  
  49  10:09  Hydralisk x6  
  49  10:13  Overseer  
  63  10:22  Hydralisk x3  
  69  10:29  Extractor  
  69  10:32  Extractor  
  69  10:33  Hydralisk x4  
  75  10:46  Roach x2  
  75  10:47  Roach x2  
  75  10:49  Glial Reconstitution  
  83  10:56  Overlord x2  
  83  11:09  Overlord x2  
  83  11:21  Zergling x12  
  89  11:45  Roach  
  89  11:46  Roach x6  
Tags
 
League
Gold
Matchup
PvZ
Spawn Locations
Cross Positions
Add a new tag
Caveats
  • Supply blocks, unpowered buildings, or Contaminate may cause inaccurate times.
  • Supply counts are checked every 10 seconds.